 Dungeon Crawl Stone Soup version 0.30-a0-859-gf88a04b62d (webtiles) character file.

Game seed: 1790060363442791969

14716 lesbiats the Grappler (level 11, -3/111 HPs)
             Began as a Troll Fighter on Mar 6, 2023.
             Was a High Priest of Wu Jian.
             Slain by a moth of wrath (22 damage)
             ... in a Gauntlet on Mar 7, 2023.
             The game lasted 00:42:50 (9671 turns).

lesbiats the Grappler (Troll Fighter)               Turns: 9671, Time: 00:42:51

Health: -3/111     AC:  7    Str: 38    XL:     11   Next: 92%
Magic:  10/10      EV: 11    Int:  8    God:    Wu Jian [*****.]
Gold:   627        SH: 16    Dex: 14    Spells: 10/10 levels left

rFire   + . .      SeeInvis .      - Unarmed
rCold   . . .      Faith    .    b - +0 kite shield
rNeg    . . .      Spirit   .    k - +2 robe {rF+}
rPois   +          Reflect  +    (helmet restricted)
rElec   .          Rampage  .    F - +0 cloak
rCorr   .          NoTele   +    (gloves unavailable)
Will    .....                    (boots unavailable)
Stlth   +                        x - amulet of reflection
HPRegen 1.18/turn                c - ring "Duyhaj" {+Blink rPois Str+6 Dex+5 Slay-5}
MPRegen 0.12/turn                L - +6 ring of strength

@: no status effects
A: large, unfitting armour, claws 3, regeneration 1, shaggy fur 1, tough skin 1
a: Renounce Religion, Evoke Blink, Wall Jump, Serpent's Lash, Heavenly Storm


You were in a Gauntlet.
You worshipped Wu Jian.
Wu Jian was extremely pleased with you.
You visited 2 branches of the dungeon, and saw 12 of its levels.
You also visited: Gauntlet.

You collected 627 gold pieces.

Inventory:

Missiles
 d - a curare-tipped dart
 o - 29 boomerangs (quivered)
 v - 3 javelins
 E - 31 poisoned darts
 M - 7 throwing nets
Armour
 b - a +0 kite shield (worn)
 k - a +2 robe of fire resistance (worn)
 p - the +1 pair of gloves of Dice, Bag, and Bottle {Will- Regen+ rCorr MP+9}
   (You found it in a Gauntlet)

   MP:        It affects your magic capacity (+9).
   Regen:     It increases your rate of health regeneration.
   rCorr:     It protects you from acid and corrosion.
   Will:      It decreases your willpower.
 F - a +0 cloak (worn)
Jewellery
 c - the ring "Duyhaj" (left claw) {+Blink rPois Str+6 Dex+5 Slay-5}
   (You found it in a Gauntlet)

   [ring of strength]

   Str:       It affects your strength (+6).
   Dex:       It affects your dexterity (+5).
   Slay:      It affects your accuracy & damage with ranged weapons and melee
   (-5).
   rPois:     It protects you from poison.
   +Blink:    It lets you blink.
 e - a +4 ring of protection
 x - an amulet of reflection (around neck)
 L - a +6 ring of strength (right claw)
Wands
 n - a wand of charming (21)
 t - a wand of digging (5)
 K - a wand of roots (5)
 N - a wand of polymorph (17)
 U - a wand of flame (10)
 V - a wand of quicksilver (2)
Scrolls
 g - 5 scrolls of noise
 h - 4 scrolls of enchant weapon
 j - a scroll of blinking
 l - a scroll of silence
 m - a scroll of acquirement {unknown}
 s - 3 scrolls of fear
 y - a scroll of butterflies
 C - 3 scrolls of teleportation
 D - 2 scrolls of amnesia
 I - 3 scrolls of magic mapping
 R - a scroll of brand weapon
Potions
 f - 4 potions of curing
 i - 2 potions of lignification
 q - a potion of invisibility
 u - 4 potions of degeneration
 w - 2 potions of cancellation
 z - 2 potions of mutation
 A - a potion of attraction
 G - 2 potions of haste
 H - a potion of magic
 J - 3 potions of flight
 X - a potion of heal wounds {unknown}
Miscellaneous
 a - a phantom mirror
 r - a piece from Xom's chessboard (15/15)


   Skills:
 + Level 8.1 Fighting
 + Level 6.3 Dodging
 + Level 8.9 Shields
 * Level 13.0 Unarmed Combat


You had 10 spell levels left.
You didn't know any spells.
Your spell library contained the following spells:

 Spells                   Type           Power      Damage    Failure   Level
 Freeze                   Ice            0%         1d3       63%         1
 Sting                    Tmut/Pois      0%         1d3       63%         1
 Poisonous Vapours        Pois/Air       0%         N/A       77%         2
 Scorch                   Fire           0%         2d5       77%         2
 Frozen Ramparts          Ice            0%         1d1       94%         3
 Hailstorm                Conj/Ice       0%         3d3       94%         3
 Flame Wave               Conj/Fire      0%         2d4       100%        4
 Olgreb's Toxic Radiance  Pois           0%         N/A       100%        4
 Summon Cactus Giant      Summ           0%         N/A       100%        6
 Borgnjor's Revivificati  Necr           0%         N/A       100%        8
 Necromutation            Tmut/Necr      0%         N/A       100%        8
 Death's Door             Necr           0%         N/A       100%        9


Dungeon Overview and Level Annotations

Branches:
Dungeon (11/15)            Temple (1/1) D:4            Lair (0/5) D:11
    Orc (0/2) D:11        Gauntlet (1/1)

Altars:
Ashenzari
Cheibriados
Dithmenos
Elyvilon
Fedhas
Gozag
Hepliaklqana
Kikubaaqudgha
Makhleb
Nemelex Xobeh
Okawaru
Qazlal
Ru
Sif Muna
Trog
Uskayaw
Vehumet
Wu Jian
Xom
Yredelemnul
Zin
The Shining One

Shops:
D:2 (   D:10 [   D:11 =

Annotations:
D:5 2 transporters, thurberlil's ghost, novice SpHu
D:11 holysushi's ghost, journeyman DsMo Gauntlet 5 transporters, 1 runed translucent door


Innate Abilities, Weirdness & Mutations

You are too large for most types of armour.
You have claws for hands.
Your natural rate of healing is unusually fast.
You are covered in fur. (AC +1)
You have tough skin. (AC +1)


Message History

The wolf spider bites you. You block the redback's attack.
The wolf spider hits you.
The wolf spider bites you but does no damage.
You scratch the wolf spider.
You kill the wolf spider!
The Council accepts your kill.
You feel extremely sick. The redback bites you.
You mangle the redback!!
The redback is severely wounded.
You feel very sick. The redback bites you.
You scratch the redback.
The redback is severely wounded.
You feel very sick. You block the redback's attack.
The moth of wrath goads the redback on!
The redback goes berserk!
The redback bites you!!
You are lethally poisoned!
The redback poisons you!
You feel better. The redback bites you. The moth of wrath barely misses you.
You block the redback's attack.
You closely miss the redback.
The redback is severely wounded.
The redback closely misses you. You block the moth of wrath's attack.
The redback bites you but does no damage.
You scratch the redback.
The redback is severely wounded.
You block the redback's attack. The moth of wrath bites you!
The redback bites you!
You closely miss the redback.
The redback is severely wounded.
The redback bites you!
* * * LOW HITPOINT WARNING * * *
You are poisoned.
The redback poisons you! You block the moth of wrath's attack.
The redback barely misses you.
You feel better. The redback bites you!
* * * LOW HITPOINT WARNING * * *
The moth of wrath bites you!!
You die...

##≈.#...©...#.≈##
#≈≈.#########.≈≈#
##≈.#8..©#....≈##
##.#©...#.8..##
##≈.#8..©#....≈##
#≈≈.#########.≈≈#
##≈.#.......#.≈##
##.#.#####.#.##
##≈.#sy@..+.#.≈##
#≈≈.#.#s©.#.#.≈≈#
##≈.#.#≈≈≈#.#.≈##
##.#.#####.#.##
##≈.#..[©.!.#.≈##
#≈≈.#########.≈≈#
##≈...........≈##
##...........##
#≈...........≈#


You could see a moth of wrath and 2 redbacks.

Vanquished Creatures
  A ghost crab (Gauntlet)
  3 two-headed ogres (D:10)
  A wolf spider (Gauntlet)
  An eye of devastation (Gauntlet)
  An apocalypse crab (Gauntlet)
  Psyche (D:10)
  An unseen horror (D:11)
  3 trolls
  3 hornets
  Grinder (D:4)
  A raiju (Gauntlet)
  2 shadows
  Sigmund (D:4)
  11 yaks
  2 wyverns
  Eustachio (D:5)
  2 golden eyes (Gauntlet)
  4 steam dragons
  Edmund (D:6)
  A redback (Gauntlet)
  Duvessa (D:5)
  5 water moccasins
  An orc warrior (D:10)
  2 sky beasts
  3 ogres
  An ice beast (D:6)
  5 black bears
  A wolf (D:8)
  4 centaurs
  5 kobold brigands
  4 bullfrogs
  6 gnoll sergeants (D:8)
  Blork the orc (D:4)
  6 wights
  A scorpion (D:11)
  Dowan (D:5)
  10 killer bees
  9 howler monkeys
  2 gnoll boudas (D:8)
  9 hounds
  3 orc priests
  2 jellies (D:6)
  A sleepcap (D:4)
  Terence (D:3)
  An iguana (D:5)
  9 orc wizards
  Robin (D:3)
  41 gnolls
  7 adders
  A shadow imp (D:7)
  3 white imps
  A worm (D:3)
  2 dart slugs
  33 orcs
  7 ball pythons
  3 endoplasms
  3 giant cockroaches
  14 goblins
  11 hobgoblins
  12 jackals
  10 quokkas
  2 bats
  4 frilled lizards
  21 kobolds
  4 rats
  A spectral goblin (D:7)
317 creatures vanquished.

Vanquished Creatures (others)
  An electric eel (D:8)
  A gnoll (D:8)
  16 fungi (D:11)
  18 plants (D:11)
  4 toadstools (D:1)
  3 withered plants (Gauntlet)
43 creatures vanquished.

Grand Total: 360 creatures vanquished

Notes
Turn   | Place    | Note
-------+----------+-------------------------------------------
     0 | D:1      | lesbiats the Troll Fighter began the quest for the Orb.
     0 | D:1      | Reached XP level 1. HP: 22/22 MP: 0/0
    43 | D:1      | Reached XP level 2. HP: 29/29 MP: 1/1
   536 | D:2      | Reached XP level 3. HP: 36/36 MP: 2/2
   728 | D:2      | Reached skill level 3 in Unarmed Combat
   903 | D:2      | Found Sionih's Antique Weapon Shop.
   999 | D:3      | Found a shimmering altar of Xom.
  1016 | D:3      | Reached XP level 4. HP: 34/44 MP: 3/3
  1159 | D:3      | Noticed Terence
  1168 | D:3      | Killed Terence
  1200 | D:3      | Noticed Robin
  1226 | D:3      | Reached XP level 5. HP: 53/53 MP: 4/4
  1227 | D:3      | Reached skill level 4 in Unarmed Combat
  1251 | D:3      | Killed Robin
  2097 | D:4      | Reached XP level 6. HP: 39/61 MP: 5/5
  2106 | D:4      | Noticed Grinder
  2110 | D:4      | Reached skill level 5 in Unarmed Combat
  2113 | D:4      | Noticed a water moccasin
  2126 | D:4      | Killed a water moccasin
  2181 | D:4      | Killed Grinder
  2182 | D:4      | Reached XP level 7. HP: 57/70 MP: 6/6
  2211 | D:4      | Reached skill level 6 in Unarmed Combat
  2218 | D:4      | Noticed Blork the orc
  2232 | D:4      | Killed Blork the orc
  2544 | D:4      | Noticed Sigmund
  2551 | D:4      | Killed Sigmund
  2558 | D:4      | Reached skill level 5 in Shields
  2558 | D:4      | Reached XP level 8. HP: 79/79 MP: 7/7
  2659 | D:4      | Found a staircase to the Ecumenical Temple.
  2665 | Temple   | Entered the Ecumenical Temple
  2891 | Temple   | Became a worshipper of the Wu Jian Council
  3279 | D:5      | Entered Level 5 of the Dungeon
  3307 | D:5      | Noticed Duvessa
  3307 | D:5      | Noticed Dowan
  3316 | D:5      | Killed Dowan
  3317 | D:5      | Reached skill level 7 in Unarmed Combat
  3319 | D:5      | Killed Duvessa
  3345 | D:5      | Upgraded the game from 0.30-a0-857-gcaf70739d4 to
                  | 0.30-a0-859-gf88a04b62d
  3355 | D:5      | Noticed Eustachio
  3364 | D:5      | Killed Eustachio
  3486 | D:5      | Found an ancient bone altar of Kikubaaqudgha.
  3770 | D:5      | You fall into a shaft and drop 3 floors!
  3830 | D:7      | Reached skill level 5 in Fighting
  3839 | D:7      | Reached skill level 8 in Unarmed Combat
  3902 | D:6      | Reached * piety under Wu Jian
  4013 | D:5      | Found a transporter.
  4013 | D:5      | Noticed thurberlil's ghost (novice SpHu)
  4018 | D:5      | Found a transporter.
  4135 | D:6      | Noticed Edmund
  4148 | D:6      | Killed Edmund
  4245 | D:6      | Reached XP level 9. HP: 75/88 MP: 8/8
  4839 | D:7      | Found a hazy altar of Hepliaklqana.
  4944 | D:7      | Reached skill level 9 in Unarmed Combat
  5099 | D:7      | Paralysed by a hornet for 3 turns
  5431 | D:7      | Found an opulent altar of Gozag.
  5434 | D:7      | Found a glowing golden altar of the Shining One.
  5810 | D:8      | Reached ** piety under Wu Jian
  6140 | D:8      | Reached skill level 10 in Unarmed Combat
  6163 | D:8      | Reached XP level 10. HP: 98/98 MP: 9/9
  6476 | D:8      | Reached *** piety under Wu Jian
  7289 | D:9      | Reached skill level 11 in Unarmed Combat
  7344 | D:9      | Reached **** piety under Wu Jian
  7528 | D:9      | Reached skill level 5 in Dodging
  7638 | D:9      | Found a blossoming altar of Fedhas.
  7642 | D:9      | Reached XP level 11. HP: 98/109 MP: 10/10
  7718 | D:9      | Identified the +2 scale mail of Joivvif {+Blink rPois SInv}
  7728 | D:10     | Entered Level 10 of the Dungeon
  7768 | D:10     | Noticed a two-headed ogre
  7775 | D:10     | Killed a two-headed ogre
  7810 | D:10     | Found a sacrificial altar of Ru.
  7930 | D:10     | Noticed a two-headed ogre
  7945 | D:10     | Killed a two-headed ogre
  7946 | D:10     | Reached skill level 12 in Unarmed Combat
  7973 | D:10     | Noticed Psyche
  8031 | D:10     | Killed Psyche
  8170 | D:10     | Found a shimmering blue altar of Sif Muna.
  8239 | D:10     | Found Ucaab's Antique Armour Shoppe.
  8399 | D:10     | Noticed a two-headed ogre
  8408 | D:10     | Killed a two-headed ogre
  8916 | D:11     | Found Vudi's Jewellery Shoppe.
  8966 | D:11     | Noticed holysushi's ghost (journeyman DsMo)
  8986 | D:11     | Found a staircase to the Lair.
  9040 | D:11     | Reached ***** piety under Wu Jian
  9103 | D:11     | Found a gate leading to a gauntlet.
  9116 | Gauntlet | Entered a Gauntlet
  9116 | Gauntlet | Found a transporter.
  9117 | Gauntlet | Found a runed translucent gate.
  9117 | Gauntlet | Found a runed translucent gate.
  9121 | Gauntlet | Found a runed translucent gate.
  9122 | Gauntlet | Found a transporter.
  9126 | Gauntlet | Found a transporter.
  9133 | Gauntlet | Found a transporter.
  9151 | Gauntlet | Found a transporter.
  9154 | Gauntlet | Found a transporter.
  9160 | Gauntlet | Found a transporter.
  9168 | Gauntlet | Found a transporter.
  9172 | Gauntlet | Found a transporter.
  9178 | Gauntlet | Found a transporter.
  9183 | Gauntlet | Noticed a ghost crab
  9186 | Gauntlet | Found a transporter.
  9190 | Gauntlet | Found a transporter.
  9192 | Gauntlet | Noticed a wolf spider
  9194 | Gauntlet | Found a runed translucent door.
  9194 | Gauntlet | Found a runed translucent door.
  9196 | Gauntlet | Found a transporter.
  9204 | Gauntlet | Found a transporter.
  9442 | Gauntlet | Identified the ring "Duyhaj" {+Blink rPois Str+6 Dex+5
                  | Slay-5}
  9497 | Gauntlet | Killed a ghost crab
  9546 | Gauntlet | Identified the +1 pair of gloves of Dice, Bag, and Bottle
                  | {Will- Regen+ rCorr MP+9}
  9658 | Gauntlet | Reached skill level 13 in Unarmed Combat
  9664 | Gauntlet | Killed a wolf spider
  9671 | Gauntlet | Slain by a moth of wrath

Illustrated notes

Levels and vault maps discovered:
D:1:      ldierk_walled_garden_2, layout_rooms, minmay_crystal_room
D:2:      layout_rooms, serial_shops, nicolae_shop_hallway_plus
D:3:      layout_loops_corners, xom_butterflies, minivault_25, uniq_terence,
          uniq_robin
D:4:      layout_basic, minmay_temple_entry_waves, uniq_blork_the_orc,
          uniq_grinder, uniq_sigmund
D:5:      layout_loops_ring, nicolae_kikubaaqudgha_miasma_corner,
          gammafunk_ghost_smash, uniq_duvessa, uniq_eustachio
D:6:      layout_basic, serial_park_tiny_2, uniq_edmund
D:7:      layout_layer_cave, nicolae_overflow_squiral,
          nicolae_hepliaklqana_monster_ancestors
D:8:      layout_cave_pools, serial_gnoll_camp, gnoll_camp_mini_hut,
          gnoll_camp_mini_house, gnoll_camp_medium_02, gnoll_camp_huts_moat,
          minmay_fractal_squares_diagonal_5
D:9:      layout_big_octagon, fedhas_altar_fruit_tree, minmay_misc_feat_x
D:10:     layout_roguey, nicolae_ru_awakened_eye, tgw_sif, serial_corexii_hall,
          corexii_hall_statues_i, corexii_hall_statues_x,
          corexii_hall_statues_deadend, chequers_hall_statues_wall_a,
          serial_shops, nicolae_shop_stone, uniq_psyche
D:11:     layout_gridville, due_lair_maze_entry_diamond, serial_shops, shop,
          gammafunk_ghost_icy, gauntlet_entry_generic, grunt_gozag_statues
Temple:   minmay_temple_curvy_branch
Gauntlet: gammafunk_gauntlet_77_escape_option
          [minmay_gauntlet_arena_77_run_for_it, minmay_gauntlet_arena_77_fan,
          minmay_gauntlet_arena_77_broken_ladder,
          minmay_gauntlet_arena_77_museum, minmay_gauntlet_arena_77_shame_cube,
          gauntlet_exit_green]

Skill      XL: |  1  2  3  4  5  6  7  8  9 10 11 |
---------------+----------------------------------+-----
Shields        | 3 4 5 6 7 8 |  8.9
Unarmed Combat | 3 4 5 6 8 10 11 13 | 13.0
Fighting       | 3 4 5 6 7 8 |  8.1
Dodging        | 3 5 6 |  6.3

Action                     |  1- 3 |  4- 6 |  7- 9 | 10-12 || total
---------------------------+-------+-------+-------+-------++-------
  Melee: Unarmed           |   127 |   166 |   291 |   471 ||  1055
  Throw: Dart              |       |       |     1 |     6 ||     7
         Throwing net      |       |       |     1 |     1 ||     2
         Boomerang         |       |       |       |     9 ||     9
Ability: Lunge             |       |       |    22 |    41 ||    63
         Whirlwind         |       |       |    34 |   101 ||   135
  Evoke: Wand              |       |       |       |     4 ||     4
    Use: Scroll            |     2 |       |     4 |    15 ||    21
         Potion            |       |     1 |     1 |     4 ||     6
   Stab: Sleeping          |       |       |       |     1 ||     1
 Armour: Robe              |    51 |   104 |   141 |   121 ||   417
  Dodge: Dodged            |    43 |    68 |    88 |   115 ||   314
  Block: Kite shield       |    41 |    76 |   191 |   279 ||   587
         Reflection        |       |       |     5 |    16 ||    21

Table legend: (Time is in decaauts)
 A = Elapsed time spent in this place.
 B = Non-inter-level travel time spent in this place.
 C = Inter-level travel time spent in this place.
 D = Time resting spent in this place.
 E = Time spent auto-exploring this place.
 F = Levels seen in this place.
 G = Mean time per level.
                   A        B        C        D        E       F      G
               +--------+--------+--------+--------+--------+-----+--------+
         Total |   9645 |   8951 |    694 |   1059 |   5282 |  13 |  741.9 |
       Dungeon |   8844 |   8150 |    694 |    862 |   5043 |  11 |  804.0 |
        Temple |    254 |    254 |      0 |      0 |    239 |   1 |  254.0 |
      Gauntlet |    545 |    545 |      0 |    197 |      0 |   1 |  545.0 |
               +--------+--------+--------+--------+--------+-----+--------+

Top non-repeatable levels by time:
     D:7: 1260 daAuts
     D:8: 1254 daAuts
    D:10: 1166 daAuts
     D:3: 1039 daAuts
     D:4: 998 daAuts
     D:5: 705 daAuts
     D:6: 657 daAuts
     D:9: 558 daAuts
Gauntlet: 545 daAuts
     D:1: 533 daAuts
     D:2: 474 daAuts
  Temple: 254 daAuts
    D:11: 196 daAuts
